 Dungeon Crawl Stone Soup version 0.31-a0-231-g51bb95cda3 (webtiles) character file.

Game seed: 11901338704186200669

9 qw the Shooter (level 2, 0/16 HPs)
             Began as a Gargoyle Hexslinger on July 6, 2023.
             Slain by a kobold
             ... wielding a +0 dagger
              (3 damage)
             ... on level 1 of the Dungeon.
             The game lasted 00:00:03 (43 turns).

qw the Shooter (Gargoyle Hexslinger)                  Turns: 43, Time: 00:00:04

Health: 0/16       AC:  4    Str: 11    XL:     2   Next: 16%
Magic:  3/3        EV: 12    Int: 13    God:
Gold:   0          SH:  0    Dex: 12    Spells: 2/3 levels left

rFire   . . .        a - +1 sling
rCold   . . .        (no shield)
rNeg    + . .        c - +0 robe
rPois   inf          (no helmet)
rElec   +            (no cloak)
rCorr   .            (no gloves)
SInv    .            (no boots)
Will    .....        (no amulet)
Stlth   +            (no ring)
HPRegen 0.22/turn    (no ring)
MPRegen 0.08/turn

%: no passive effects
@: no status effects
A: sickness immunity, AC +2, negative energy resistance 1, electricity
resistance, torment resistance 1, petrification resistance
a: no special abilities


You were on level 1 of the Dungeon.
You visited 1 branch of the dungeon, and saw 1 of its levels.


Innate Abilities, Weirdness & Mutations

You are immune to sickness and miasma.
Your stone body is resilient. (AC +2)
You are immune to poison.
You resist negative energy. (rN+)
You are resistant to electric shocks. (rElec)
You are resistant to unholy torment.
You are immune to petrification.


   Skills:
 - Level 1.1 Fighting
 + Level 2.8 Ranged Weapons
 - Level 1.5 Dodging
 - Level 1.0 Spellcasting
 - Level 2.6 Hexes


You had 2 spell levels left.
You knew the following spells:

 Your Spells              Type           Power      Damage    Failure   Level
a - Slow                  Hex            28%        N/A       10%         1

Your spell library contained the following spells:

 Spells                   Type           Power      Damage    Failure   Level
 Inner Flame              Hex/Fire       4%         N/A       43%         3
 Portal Projectile        Hex/Tloc       8%         N/A       43%         3
 Cause Fear               Hex            3%         N/A       67%         4

Inventory:

Hand Weapons
 a - a +1 sling (weapon)
Armour
 c - a +0 robe (worn)
 d - a +0 leather armour
Scrolls
 b - a scroll of poison

Dungeon Overview and Level Annotations

Branches:
Dungeon (1/15)

Altars:


Message History

The goblin closely misses you.
You shoot a sling bullet.
The sling bullet barely misses the goblin.
The sling bullet hits the endoplasm.
You kill the endoplasm!
The kobold hits you but does no damage. The goblin hits you but does no damage.
You have reached level 2!
You shoot a sling bullet. The sling bullet hits the hobgoblin.
The hobgoblin is almost dead.
The goblin misses you. The kobold closely misses you. The hobgoblin hits you.
You shoot a sling bullet. The sling bullet hits the hobgoblin.
You kill the hobgoblin!
The goblin closely misses you. The kobold hits you but does no damage.
You shoot a sling bullet.
The sling bullet barely misses the goblin.
The kobold hits you but does no damage. The goblin hits you with a +0 dagger.
The kobold closely misses you. The goblin hits you with a +0 dagger.
You shoot a sling bullet.
The sling bullet hits the goblin but does no damage.
The kobold hits you but does no damage. The goblin misses you.
You shoot a sling bullet.
The sling bullet barely misses the goblin.
The goblin barely misses you. The kobold hits you but does no damage.
You shoot a sling bullet.
The sling bullet barely misses the goblin.
The goblin hits you but does no damage. The kobold hits you with a +0 dagger.
You shoot a sling bullet.
The sling bullet closely misses the goblin.
The goblin hits you but does no damage. The kobold misses you.
The goblin barely misses you. The kobold hits you but does no damage.
You shoot a sling bullet.
The sling bullet barely misses the goblin.
The goblin misses you. The kobold hits you but does no damage.
You shoot a sling bullet. The sling bullet hits the goblin.
You kill the goblin!
The kobold hits you but does no damage.
You shoot a sling bullet.
The sling bullet closely misses the kobold.
The kobold hits you with a +0 dagger.
You die...

#############..........
+....<....'.%.......#.#.
#############%..........
~~~ ~~%~0~~#........#.#.
%~~~~%~~~~~#............
~ #~0~~#~~~#........#.#.
~~~~~~~~~~#............
~~~~~~~~~##.....%%.#.#.
###########....@)......
#.....K..#.#.
#............
#####........ #........
#.!...... #........
#........


You could see a kobold.

Vanquished Creatures
  3 endoplasms (D:1)
  A goblin (D:1)
  2 hobgoblins (D:1)
  A ball python (D:1)
  A bat (D:1)
8 creatures vanquished.

Notes
Turn   | Place    | Note
-------+----------+-------------------------------------------
     0 | D:1      | qw the Gargoyle Hexslinger began the quest for the Orb.
     0 | D:1      | Reached XP level 1. HP: 12/12 MP: 2/2
     0 | D:1      | 0 ||| qw: Version: 0.3-a-46-gb1f654a
     0 | D:1      | 0 ||| qw: Game counter: 1828
     0 | D:1      | 0 ||| qw: Melee chars always use a shield: true
     0 | D:1      | 0 ||| qw: God list: Okawaru
     0 | D:1      | 0 ||| qw: Allow faded altars: false
     0 | D:1      | 0 ||| qw: Do Orc after clearing Dungeon:15 true
     0 | D:1      | 0 ||| qw: Do second Lair branch before Depths: true
     0 | D:1      | 0 ||| qw: Lair rune preference: random
     0 | D:1      | 0 ||| qw: Goals: Normal
     0 | D:1      | 0 ||| PLANNING D:1-11
    34 | D:1      | Reached XP level 2. HP: 9/16 MP: 3/3
    36 | D:1      | HP: 4/16 [goblin/+0 dagger (2)]
    43 | D:1      | Slain by a kobold

Levels and vault maps discovered:
D:1:      saegor_arrival_miasma, layout_basic,
          shapermc_ecumenical_altar_mp_highgroup, minivault_14, st_stairs_10,
          kennysheep_crisscross

Action                     || total
---------------------------++-------
   Fire: Sling             ||    25
 Armour: Robe              ||    13
  Dodge: Dodged            ||    17

Table legend:
 A = Non-vault XP
 B = Vault XP
 C = Vault XP percentage of total XP
 D = Non-vault monster count
 E = Vault monster count
 F = Vault count percentage of total count
                 A         B        C        D         E       F
            +---------+---------+-------+---------+---------+-------
      Total |       8 |       6 |  42.9 |       5 |       3 |  37.5
            +---------+---------+-------+---------+---------+-------
        D:1 |       8 |       6 |  42.9 |       5 |       3 |  37.5
            +---------+---------+-------+---------+---------+-------
